AoeStats
← WDDR

Arabia

509693627Analyzed
1v1 RM · 4d ago on Sep 27, 2026· 32m 50s· 2 players
Game mode
Random Map
Map size
Tiny (2 player)
Population
200
Speed
Normal
Resources
Standard
Victory
Conquest
Starting age
Dark Age
Ending age
Imperial Age
RankedLock teamsTeams togetherTeam positionsShared explorationLock speedFull tech treeHidden civsTurbo modeCheats
Victory
Defeat
🇨🇳 Hindustanis · China
1361
+14
🇷🇺 Byzantines · Russia
1327
-14
Vollfed
10:07 Feudal Age
8:22 Loom
10:42 Double-Bit Axe
20:30 Castle Age
18:30 Arson
19:21 Forging
19:14 Scale Mail Armor
19:56 Gold Mining
20:25 Forging
22:59 Chain Mail Armor
24:08 Squires
23:56 Gambesons
24:09 Horse Collar
WDDR
6:07 Loom
9:05 Feudal Age
11:03 Double-Bit Axe
12:34 Horse Collar
19:17 Bloodlines
19:37 Forging
24:31 Castle Age
23:58 Scale Barding Armor
24:13 Gold Mining
24:35 Light Cavalry
25:18 Husbandry
25:54 Iron Casting
26:18 Bow Saw
26:50 Fletching
27:23 Chain Barding Armor
Connection lost

Rejoining the realm…

Still unreachable

The connection could not be restored.

Session expired

The server has moved on; the page needs a fresh start.